 Dungeon Crawl Stone Soup version 0.20.0-10-g0535bb4 (webtiles) character file.

107 leka4kin the Digger (level 4, -6/24 HPs)
             Began as a Gargoyle Earth Elementalist on June 5, 2017.
             Killed by divine providence
             ... invoked by an orc priest
              (9 damage)
             ... on level 2 of the Dungeon on June 6, 2017.
             The game lasted 00:06:44 (1847 turns).

leka4kin the Digger (Gargoyle Earth Elementalist)   Turns: 1847, Time: 00:06:45

Health: -6/24      AC:  7    Str: 12    XL:     4   Next: 85%
Magic:  5/9        EV: 12    Int: 16    God:
Gold:   112        SH:  0    Dex: 10    Spells: 4/10 levels left

rFire    . . .     SeeInvis .   o - +1 flail (protect)
rCold    . . .     Gourm    .   (no shield)
rNeg     + . .     Faith    .   c - +0 robe
rPois    ∞         Spirit   .   (no helmet)
rElec    +         Reflect  .   p - +0 cloak
rCorr    .         Harm     .   (no gloves)
MR       .....                  i - +0 pair of boots (curse)
Stlth    ++........             (no amulet)
Regen    0.1/turn               (no ring)
MPRegen  0.2/turn               (no ring)

@: no status effects
A: negative energy resistance 1, electricity resistance, unbreathing,
petrification resistance, rot immunity, AC +3
a: no special abilities


You were on level 2 of the Dungeon.
You were not hungry.

You visited 1 branch of the dungeon, and saw 3 of its levels.

You collected 112 gold pieces.

Inventory:

Hand Weapons
 f - a +0 mace of protection
 g - a +1 whip of electrocution
 l - a +0 mace of protection
 o - a +1 flail of protection (weapon)
Missiles
 b - 30 stones (quivered)
Armour
 c - a +0 robe (worn)
 i - a cursed +0 pair of boots (worn)
 p - a +0 cloak (worn)
Magical Staves
 m - an uncursed staff of fire
Scrolls
 j - a scroll of identify
 k - a scroll of enchant armour
Potions
 a - 3 potions of curing {unknown}
 h - a potion of brilliance {unknown}
 n - a potion of berserk rage {unknown}
Books
 e - a book of Geomancy

   Spells                             Type                      Level
   a - Sandblast                      Earth                        1
   b - Passwall                       Transmutation/Earth          2
   c - Stone Arrow                    Conjuration/Earth            3
   d - Petrify                        Transmutation/Earth          4
   e - Lee's Rapid Deconstruction     Earth                        5
Comestibles
 d - a bread ration
 q - 4 chunks of flesh


   Skills:
 - Level 1.5 Dodging
 - Level 2.1 Stealth
 * Level 3.8 Spellcasting
 + Level 1.4 Conjurations
 - Level 0.7 Transmutations
 + Level 4.3 Earth Magic


You had 4 spell levels left.
You knew the following spells:

 Your Spells              Type           Power        Failure   Level  Hunger
a - Sandblast             Erth           ###...       2%          1    None
b - Stone Arrow           Conj/Erth      ##....       16%         3    ###....
c - Passwall              Tmut/Erth      ##........   9%          2    ##.....


Dungeon Overview and Level Annotations

Branches:
Dungeon (3/15)

Altars:


Innate Abilities, Weirdness & Mutations

You are resistant to torment.
Your stone body is resilient. (AC +3)
You are immune to poison.
You resist negative energy. (rN+)
You are resistant to electric shocks. (rElec)
You can survive without breathing.
You are immune to petrification.
You are immune to rotting.


Message History

Casting: Sandblast
Confirm with . or Enter, or press ? or * to list all spells.
Aiming: Sandblast
Press: ? - help, Shift-Dir - straight line, f/p - orc priest
Aim: an orc priest, wearing a ring mail (heavily wounded)
The blast of sand hits the orc priest.
The orc priest is heavily wounded.
b - 31 stones The orc priest hits you but does no damage.
Casting: Sandblast
Confirm with . or Enter, or press ? or * to list all spells.
Aiming: Sandblast
Press: ? - help, Shift-Dir - straight line, f/p - orc priest
Aim: an orc priest, wearing a ring mail (heavily wounded)
The blast of sand hits the orc priest.
The orc priest is heavily wounded.
b - 30 stones The orc priest mumbles some strange prayers to Beogh against you.
Beogh smites you!
You die...

..................###...'........
...........##.##..###.###........
..###......##.##......# #........
..# #.#)##.##).#......# #........
..# #.....[###.#.###### #........
..# #............# #####........
..# #.#.#####.#..####............
#.# #...# #..[.o..#............
..# #.### ####@##.#............
..###.# ####.#........####
......# #.+........# ...####
###........### ...#
###########...........# ...#
#.........#...........# ####
#.........#...........#
##########.........###'#########
........)'.........'...#


You could see an orc priest.

Vanquished Creatures
  Crazy Yiuf (D:2)
  An orc wizard (D:3)
  An adder (D:2)
  2 worms (D:2)
  A dart slug (D:2)
  A leopard gecko (D:2)
  3 orcs (D:2)
  A bat (D:1)
  2 giant cockroaches (D:2)
  4 goblins
  3 hobgoblins
  A ball python (D:3)
  A frilled lizard (D:2)
  6 kobolds
  2 rats
  2 fungi (D:2)
32 creatures vanquished.

Notes
Turn   | Place    | Note
-------+----------+-------------------------------------------
     0 | D:1      | leka4kin the Gargoyle Earth Elementalist began the quest for the Orb.
     0 | D:1      | Reached XP level 1. HP: 10/10 MP: 3/3
   447 | D:1      | Reached XP level 2. HP: 9/15 MP: 1/5
   737 | D:2      | Reached XP level 3. HP: 19/19 MP: 1/7
  1074 | D:2      | Learned a level 3 spell: Stone Arrow
  1077 | D:2      | Learned a level 2 spell: Passwall
  1110 | D:2      | Reached skill level 4 in Earth Magic
  1292 | D:2      | Found a runed door.
  1296 | D:2      | Noticed Crazy Yiuf
  1300 | D:2      | Killed Crazy Yiuf
  1300 | D:2      | Reached XP level 4. HP: 23/24 MP: 3/9
  1515 | D:2      | Reached skill level 1 in Conjurations
  1847 | D:2      | Killed from afar by an orc priest

Skill      XL: |  1  2  3  4 |
---------------+-------------+-----
Spellcasting   | 3 |  3.8
Earth Magic    | 4 |  4.3
Conjurations   | 1 |  1.4
Dodging        | |  1.5
Stealth        | |  2.1
Transmutations | |  0.7

Action                   |  1- 3 |  4- 6 || total
-------------------------+-------+-------++-------
Melee: Whip              |    37 |    13 ||    50
       Mace              |     1 |       ||     1
       Flail             |       |    17 ||    17
 Cast: Sandblast         |    24 |     5 ||    29
       Stone Arrow       |       |     3 ||     3
  Use: Scroll            |     1 |     1 ||     2
 Stab: Sleeping          |     1 |       ||     1
  Eat: Chunk             |     1 |     2 ||     3
Armor: Robe              |     2 |     9 ||    11
Dodge: Dodged            |    17 |    36 ||    53
